 Dungeon Crawl Stone Soup version 0.28-a0-819-g6ef7baa362 (webtiles) character file.

Game seed: 7564101517456613567

158 bande the Skirmisher (level 5, -2/33 HPs)
             Began as a Gargoyle Fighter on Nov 8, 2021.
             Killed by divine providence
             ... invoked by an orc priest
              (14 damage)
             ... on level 3 of the Dungeon on Nov 9, 2021.
             The game lasted 00:04:23 (2384 turns).

bande the Skirmisher (Gargoyle Fighter)             Turns: 2384, Time: 00:04:24

Health: -2/33      AC: 11    Str: 20    XL:     5   Next: 39%
Magic:  5/5        EV:  9    Int:  9    God:
Gold:   132        SH:  4    Dex:  9    Spells: 4/4 levels left

rFire   . . .      SeeInvis .   a - +0 war axe
rCold   . . .      Faith    .   c - +0 buckler
rNeg    + . .      Spirit   .   b - +0 scale mail
rPois   ∞          Reflect  .   (no helmet)
rElec   +          Harm     .   (no cloak)
rCorr   .          Rampage  .   (no gloves)
Will    .....                   (no boots)
Stlth   ..........              (no amulet)
HPRegen 0.11/turn               (no ring)
MPRegen 0.09/turn               (no ring)

@: no status effects
A: sickness immunity, AC +4, negative energy resistance 1, electricity
resistance, torment resistance 1, petrification resistance
a: no special abilities


You were on level 3 of the Dungeon.
You visited 1 branch of the dungeon, and saw 3 of its levels.

You collected 132 gold pieces.

Inventory:

Hand Weapons
 a - a +0 war axe (weapon)
Armour
 b - a +0 scale mail (worn)
 c - a +0 buckler (worn)
Wands
 h - a wand of polymorph (8)
Scrolls
 j - a scroll of holy word {unknown}
 k - a scroll of fog
 l - a scroll of blinking {unknown}
Potions
 d - a potion of might
 e - a potion of brilliance
 f - a potion of resistance {unknown}
 g - a potion of curing {unknown}
 i - a potion of mutation {unknown}


   Skills:
 + Level 4.1 Fighting
 + Level 3.2 Axes
 + Level 4.1 Armour
 + Level 3.9 Shields
 * Level 1.1 Evocations


You had 4 spell levels left.
You didn't know any spells.
Your spell library contained the following spells:

 Spells                   Type           Power      Damage    Failure   Level
 Scorch                   Fire           0%         2d5       86%         2
 Flame Wave               Conj/Fire      0%         3d3       100%        4
 Conjure Ball Lightning   Conj/Air       0%         3x3d6     100%        6
 Summon Cactus Giant      Summ           0%         N/A       100%        6
 Discord                  Hex            0%         N/A       100%        8
 Disjunction              Tloc           0%         N/A       100%        8


Dungeon Overview and Level Annotations

Branches:
Dungeon (3/15)

Altars:
Trog

Shops:
D:1 =


Innate Abilities, Weirdness & Mutations

You are immune to sickness and miasma.
Your stone body is resilient. (AC +4)
You are immune to poison.
You resist negative energy. (rN+)
You are resistant to electric shocks. (rElec)
You are resistant to unholy torment.
You are immune to petrification.


Message History

An orc priest breaks down the gate.
Found a bloodstained altar of Trog.
You slash the orc wizard!
The orc wizard is severely wounded.
You closely miss the orc wizard.
The orc wizard is severely wounded.
You barely miss the orc. You slash the orc!
You kill the orc!
The orc wizard hits you but does no damage.
You closely miss the orc wizard.
The orc wizard is severely wounded.
You closely miss the orc. The orc wizard casts a spell at you.
The magic dart hits you. You block the orc's attack.
The orc wizard completely misses you. The orc hits you but does no damage.
You hit the orc wizard.
The orc wizard is severely wounded.
You closely miss the orc priest. You slash the orc!
You kill the orc!
The orc priest hits you but does no damage.
You block the orc wizard's attack.
The orc priest calls down the wrath of Beogh upon you.
Beogh smites you!
You barely miss the orc priest. You hit the orc wizard.
The orc wizard points at you and mumbles some strange words.
The puff of flame hits you but does no damage.
The orc priest hits you but does no damage.
The orc wizard hits you but does no damage.
You hit the orc priest.
The orc priest is heavily wounded.
You hit the orc wizard.
The orc priest looks braver for a moment.
The orc wizard casts a spell at you. The puff of flame hits you!
You block the orc priest's attack.
You hit the orc priest.
The orc priest is heavily wounded.
You closely miss the orc wizard. The orc wizard closely misses you.
The orc priest calls down the wrath of Beogh upon you.
Beogh smites you!
You die...

########...........##.......
#......#####................
#.####.# #................
##+####'### #................
#.........###(....)..........
#.....†...)......#####.......
#.................... ......
#.........########### ......
#...........@).....# ......
#....######)oo###### ......
#....# +.....' #....#
+.PPP.'._ #....# +.....'...#
###### ##+++######


You could see an orc priest and an orc wizard.

Vanquished Creatures
  A jelly (D:3)
  Jessica (D:2)
  4 adders
  A worm (D:2)
  2 dart slugs (D:1)
  3 orcs (D:3)
  An endoplasm (D:1)
  5 giant cockroaches
  3 goblins
  4 hobgoblins
  3 quokkas
  7 ball pythons
  5 bats
  2 frilled lizards
  7 kobolds
  11 rats
60 creatures vanquished.

Vanquished Creatures (others)
  A plant (D:1)
1 creature vanquished.

Grand Total: 61 creatures vanquished

Notes
Turn   | Place    | Note
-------+----------+-------------------------------------------
     0 | D:1      | bande the Gargoyle Fighter began the quest for the Orb.
     0 | D:1      | Reached XP level 1. HP: 14/14 MP: 1/1
   151 | D:1      | Reached XP level 2. HP: 16/19 MP: 2/2
   240 | D:1      | Found Zikeq's Jewellery Boutique.
   533 | D:1      | Reached XP level 3. HP: 23/24 MP: 3/3
   737 | D:1      | Noticed a golden eye
   738 | D:1      | Found a faded altar of an unknown god.
   741 | D:1      | Noticed a shining eye
   741 | D:1      | Noticed a floating eye
   741 | D:1      | Noticed a great orb of eyes
  1399 | D:2      | Reached XP level 4. HP: 16/29 MP: 4/4
  1880 | D:2      | Noticed Jessica
  1883 | D:2      | Killed Jessica
  2070 | D:3      | Reached skill level 1 in Evocations
  2070 | D:3      | Reached XP level 5. HP: 30/33 MP: 5/5
  2377 | D:3      | Found a bloodstained altar of Trog.
  2384 | D:3      | Killed from afar by an orc priest

Illustrated notes

Levels and vault maps discovered:
D:1:      co_arrival_two_rings, layout_loops_ring, serial_forest,
          infiniplex_forest_corner_1, infiniplex_forest_clump_C,
          infiniplex_forest_clump_diagonal, infiniplex_forest_clump_diagonal,
          infiniplex_forest_straight_5, infiniplex_forest_lined_corner,
          infiniplex_forest_end_1, hellmonk_ecumenical_altar_watching_god,
          serial_shops, shop
D:2:      layout_basic, st_stairs_13, uniq_jessica
D:3:      layout_basic, mainiacjoe_overflow_big_doors

Skill      XL: |  1  2  3  4 |
---------------+-------------+-----
Axes           | 2 3 |  3.2
Fighting       | 4 |  4.1
Armour         | 4 |  4.1
Evocations     | 1 |  1.1
Shields        | |  3.9

Action                   |  1- 3 |  4- 6 || total
-------------------------+-------+-------++-------
Melee: War axe           |   136 |    56 ||   192
  Use: Scroll            |     2 |     1 ||     3
Armor: Scale mail        |    79 |    28 ||   107
Dodge: Dodged            |    75 |    28 ||   103
Block: Buckler           |    30 |    12 ||    42

Table legend: (Time is in decaauts)
 A = Elapsed time spent in this place.
 B = Non-inter-level travel time spent in this place.
 C = Inter-level travel time spent in this place.
 D = Time resting spent in this place.
 E = Time spent auto-exploring this place.
 F = Levels seen in this place.
 G = Mean time per level.
                   A        B        C        D        E       F      G
               +--------+--------+--------+--------+--------+-----+--------+
         Total |   2457 |   2402 |     55 |    141 |   1796 |   3 |  819.0 |
       Dungeon |   2457 |   2402 |     55 |    141 |   1796 |   3 |  819.0 |
               +--------+--------+--------+--------+--------+-----+--------+

Top non-repeatable levels by time:
     D:2: 1148 daAuts
     D:1: 972 daAuts
     D:3: 336 daAuts
